 Dungeon Crawl Stone Soup version 0.24-a0-479-g9a978d2894 (webtiles) character file.

Game seed: 8681222068552138744

180 Gynju the Cudgeler (level 5, 0/54 HPs)
             Began as an Ogre Berserker on July 7, 2019.
             Was a Believer of Trog.
             Slain by an orc
             ... wielding a +0 vampiric falchion
              (3 damage)
             ... on level 4 of the Dungeon.
             The game lasted 00:03:38 (2416 turns).

Gynju the Cudgeler (Ogre Berserker)                 Turns: 2416, Time: 00:03:39

Health: 0/54       AC:  3    Str: 22    XL:     5   Next: 60%
Magic:  5/5        EV: 10    Int:  8    God:    Trog [**....]
Gold:   106        SH:  0    Dex:  8    Spells: 4/4 levels left

rFire    . . .     SeeInvis .   a - +0 mace
rCold    . . .     Gourm    .   (no shield)
rNeg     . . .     Faith    .   g - +0 robe
rPois    .         Spirit   .   (helmet restricted)
rElec    .         Reflect  .   (no cloak)
rCorr    .         Harm     .   (gloves unavailable)
MR       .....                  (boots unavailable)
Stlth    +.........             (no amulet)
HPRegen  0.18/turn              (no ring)
MPRegen  0.09/turn              (no ring)

@: berserk cooldown, slowed, very slow
A: large, unfitting armour, tough skin 1
a: Berserk, Trog's Hand, Renounce Religion


You were on level 4 of the Dungeon.
You worshipped Trog.
Trog was pleased with you.
You were very hungry.

You visited 1 branch of the dungeon, and saw 4 of its levels.

You collected 106 gold pieces.

Inventory:

Hand Weapons
 a - a +0 mace (weapon)
Missiles
 l - 44 stones (quivered)
Armour
 g - a +0 robe (worn)
Wands
 m - a wand of acid (3)
Scrolls
 b - 3 scrolls of teleportation {unknown}
 e - a scroll of amnesia {unknown}
 i - a scroll of enchant weapon {unknown}
 j - 2 scrolls of identify {unknown}
 n - 2 scrolls of remove curse {unknown}
 p - a scroll of enchant armour {unknown}
Potions
 d - a potion of berserk rage {unknown}
 f - a potion of agility {unknown}
 h - a potion of ambrosia {unknown}
 k - 2 potions of curing {unknown}
Comestibles
 c - 6 rations


   Skills:
 - Level 4.0 Fighting
 + Level 5.5 Maces & Flails
 - Level 2.6 Dodging


You had 4 spell levels left.
You didn't know any spells.
Your spell library was empty.

Dungeon Overview and Level Annotations

Branches:
Dungeon (4/15)
 Temple: D:4-7

Altars:
Ashenzari


Innate Abilities, Weirdness & Mutations

You are too large for most types of armour.
You have tough skin. (AC +1)


Message History

The orc is almost dead.
The hound skeleton bites you.
* * * LOW HITPOINT WARNING * * *
The quokka bites you.
* * * LOW HITPOINT WARNING * * *
The orc hits you with a +0 whip.
* * * LOW HITPOINT WARNING * * *
The hound skeleton bites you but does no damage.
The quokka bites you but does no damage.
The orc hits you with a +0 vampiric falchion.
* * * LOW HITPOINT WARNING * * *
The orc hits you with a +0 whip.
* * * LOW HITPOINT WARNING * * *
You barely miss the orc.
The orc is almost dead.
The hound skeleton bites you but does no damage.
The quokka bites you.
* * * LOW HITPOINT WARNING * * *
The orc hits you with a +0 vampiric falchion.
You die...

#. .. ##. ##.#
#......
..#####.....####
.........#.....##
....)...........#
.........Z.......
......>.r@.......
#......oo.......
#...............
#.....<.........
##.............#
##.....#.....##
#####.#####.# #.#
.# ... .


You could see 2 orcs, a quokka and a hound skeleton.

Vanquished Creatures
  An ogre (D:4)
  2 adders
  3 worms
  3 dart slugs
  3 leopard geckos
  An orc (D:3)
  A ball python (D:2)
  2 giant cockroaches
  8 goblins
  7 hobgoblins
  8 jackals
  4 kobolds
  A quokka (D:3)
  7 bats
  3 frilled lizards
  5 rats
59 creatures vanquished.

Notes
Turn   | Place    | Note
-------+----------+-------------------------------------------
     0 | D:1      | Gynju the Ogre Berserker began the quest for the Orb.
     0 | D:1      | Reached XP level 1. HP: 24/24 MP: 1/1
   100 | D:1      | Reached skill level 3 in Maces & Flails
   140 | D:1      | Reached XP level 2. HP: 32/32 MP: 2/2
   355 | D:1      | Reached XP level 3. HP: 30/39 MP: 3/3
   901 | D:2      | Reached skill level 4 in Maces & Flails
  1407 | D:2      | Reached XP level 4. HP: 48/48 MP: 4/4
  1488 | D:2      | Reached ** piety under Trog
  1650 | D:2      | Found a shattered altar of Ashenzari.
  2397 | D:4      | Noticed an ogre
  2405 | D:4      | Killed an ogre
  2405 | D:4      | Reached skill level 5 in Maces & Flails
  2405 | D:4      | Reached XP level 5. HP: 54/54 MP: 5/5
  2416 | D:4      | Slain by an orc

Levels and vault maps discovered:
D:1:      nzn_arrival_depleted_hourglass, layout_basic, minivault_24
D:2:      layout_basic, lemuel_coloured_pillars_altar
D:3:      wad_pebble_path, layout_rooms, first_ration, chequers_arboretum
D:4:      layout_rooms, kennysheep_mini_moat, elyvilon_altar_4

Skill      XL: |  1  2  3  4 |
---------------+-------------+-----
Maces & Flails | 3 4 5 |  5.5
Fighting       | |  4.0
Dodging        | |  2.6

Action                   |  1- 3 |  4- 6 || total
-------------------------+-------+-------++-------
Melee: Mace              |   116 |    77 ||   193
Invok: Berserk           |       |     1 ||     1
       Trog's Hand       |       |     1 ||     1
  Eat: Chunk             |     1 |     4 ||     5
Armor: Robe              |    52 |    28 ||    80
       Animal skin       |     1 |       ||     1
Dodge: Dodged            |    60 |    43 ||   103

Table legend:
 A = Non-vault XP
 B = Vault XP
 C = Vault XP percentage of total XP
 D = Non-vault monster count
 E = Vault monster count
 F = Vault count percentage of total count
                 A         B        C        D         E       F
            +---------+---------+-------+---------+---------+-------
      Total |     258 |       0 |   0.0 |      59 |       0 |   0.0
            +---------+---------+-------+---------+---------+-------
        D:1 |      48 |       0 |   0.0 |      25 |       0 |   0.0
        D:2 |      47 |       0 |   0.0 |      16 |       0 |   0.0
        D:3 |      50 |       0 |   0.0 |      17 |       0 |   0.0
        D:4 |     113 |       0 |   0.0 |       1 |       0 |   0.0
            +---------+---------+-------+---------+---------+-------
